 Dungeon Crawl Stone Soup version 0.25.1-2-g60ff931df9 (webtiles) character file.

Game seed: 14376241487108666290

44 Gildeon the Chopper (level 3, -3/31 HPs)
             Began as a Minotaur Fighter on Sept 7, 2020.
             Slain by a kobold
             ... wielding a +0 whip of electrocution
              (11 damage)
             ... on level 2 of the Dungeon.
             The game lasted 00:02:08 (845 turns).

Gildeon the Chopper (Minotaur Fighter)               Turns: 845, Time: 00:02:09

Health: -3/31      AC:  6    Str: 21    XL:     3   Next: 39%
Magic:  2/2        EV:  7    Int:  5    God:
Gold:   80         SH:  9    Dex:  9    Spells: 2/2 levels left

rFire    . . .     SeeInvis .   a - +0 war axe
rCold    . . .     Gourm    .   c - +0 kite shield
rNeg     . . .     Faith    .   b - +0 scale mail
rPois    .         Spirit   .   (helmet restricted)
rElec    .         Reflect  .   (no cloak)
rCorr    .         Harm     .   (no gloves)
MR       .....                  (no boots)
Stlth    ..........             (no amulet)
HPRegen  0.10/turn              (no ring)
MPRegen  0.08/turn              (no ring)

@: no status effects
A: retaliatory headbutt, horns 2
a: no special abilities


You were on level 2 of the Dungeon.
You were not hungry.

You visited 1 branch of the dungeon, and saw 2 of its levels.

You collected 80 gold pieces.

Inventory:

Hand Weapons
 a - a +0 war axe (weapon)
 m - a cursed -3 hand axe
Armour
 b - a +0 scale mail (worn)
 c - a +0 kite shield (worn)
Scrolls
 e - 2 scrolls of identify {unknown}
 k - 3 scrolls of fear {unknown}
 n - 3 scrolls of enchant weapon {unknown}
Potions
 d - a potion of might
 g - a potion of heal wounds {unknown}
 i - a potion of brilliance {unknown}
 j - a potion of degeneration {unknown}
 l - 2 potions of curing {unknown}
 o - a potion of flight {unknown}
Comestibles
 f - 5 rations
 h - 6 chunks of flesh


   Skills:
 - Level 3.6 Fighting
 + Level 4.7 Axes
 - Level 3.6 Armour
 - Level 3.6 Shields


You had 2 spell levels left.
You didn't know any spells.
Your spell library was empty.

Dungeon Overview and Level Annotations

Branches:
Dungeon (2/15)

Altars:

Annotations:
D:2 Robin


Innate Abilities, Weirdness & Mutations

You reflexively headbutt those who attack you in melee.
You have a pair of horns on your head.


Message History

The goblin hits you but does no damage.
A goblin comes into view.
You block the kobold's attack.
The goblin shouts!
You hit the kobold. Your headbutt misses the kobold.
The kobold is moderately wounded.
You closely miss the goblin. You block the kobold's attack.
The goblin hits you with a +0 dagger.
You miss the kobold.
The kobold is moderately wounded.
You slash the goblin!
You kill the goblin!
You feel sick.
You are no longer poisoned.
You block the kobold's attack. Robin throws the goblin at you!
The goblin barely misses you. You furiously retaliate!
You headbutt the goblin.
The kobold hits you with a +0 whip of electrocution.
* * * LOW HITPOINT WARNING * * *
You are electrocuted!
You die...

###......## #####..#####
##..........##..........#
##.......................#
#..........###...........#
#..........# ##..........#
#..........# #............
#..........# ##.............
#..........###g..........##.
##.........g@Kgg...........
#.........####g............
#÷......... #....#######.
#<..............###
#÷.............gg.
#...................
#.(....>.......###...g
#.........#..### #..#
#........##.# #..


You could see Robin, a hobgoblin (strong), 3 goblins and a kobold.

Vanquished Creatures
  An adder (D:2)
  An ooze (D:1)
  A leopard gecko (D:2)
  2 giant cockroaches (D:1)
  8 goblins
  3 hobgoblins
  4 kobolds (D:1)
  A ball python (D:1)
  5 bats
  2 rats (D:1)
28 creatures vanquished.

Notes
Turn   | Place    | Note
-------+----------+-------------------------------------------
     0 | D:1      | Gildeon the Minotaur Fighter began the quest for the Orb.
     0 | D:1      | Reached XP level 1. HP: 19/19 MP: 0/0
    60 | D:1      | Reached skill level 3 in Axes
   122 | D:1      | Reached XP level 2. HP: 26/26 MP: 1/1
   433 | D:1      | Reached skill level 4 in Axes
   671 | D:2      | Reached XP level 3. HP: 29/31 MP: 2/2
   828 | D:2      | Noticed Robin
   845 | D:2      | Slain by a kobold

Illustrated notes

Levels and vault maps discovered:
D:1:      dpeg_arrival_refuge, layout_basic, minmay_pentomino_r4
D:2:      layout_rooms, uniq_natasha, uniq_robin

Skill      XL: |  1  2 |
---------------+-------+-----
Axes           | 3 4 |  4.7
Fighting       | |  3.6
Armour         | |  3.6
Shields        | |  3.6

Action                   || total
-------------------------++-------
Melee: War axe           ||    72
       Headbutt          ||    11
Armor: Scale mail        ||    47
Dodge: Dodged            ||    24
Block: Kite shield       ||    53
